 Dungeon Crawl Stone Soup version 0.22-a0-470-g522be1c (webtiles) character file.

73 kidddragon99 the Charmwright (level 4, 0/29 HPs)
             Began as a Vampire Skald on June 13, 2018.
             Succumbed to a kobold's poison
             ... on level 2 of the Dungeon on June 14, 2018.
             The game lasted 00:13:27 (2069 turns).

kidddragon99 the Charmwright (Vampire Skald)        Turns: 2069, Time: 00:13:27

Health: 0/29       AC:  5    Str: 10 (11) XL:     4   Next: 8%
Magic:  6/6        EV: 12    Int: 17 (20) God:
Gold:   159        SH:  0    Dex: 14 (16) Spells: 6/7 levels left

rFire    . . .     SeeInvis +   a - +1 falchion
rCold    . . .     Gourm    .   (no shield)
rNeg     + . .     Faith    +   b - +0 leather armour
rPois    .         Spirit   .   (no helmet)
rElec    .         Reflect  .   (no cloak)
rCorr    .         Harm     .   (no gloves)
MR       .....                  (no boots)
Stlth    +.........             i - amulet of faith
HPRegen  0.09/turn              g - +3 ring of dexterity
MPRegen  0.10/turn              (no ring)

@: brilliant, lethally poisoned (0 -> -1), infused
A: fangs 3, icy blue scales 1, see invisible, frail 1, low mp 1, unbreathing
a: Bat Form


You were on level 2 of the Dungeon.
You were not thirsty.

You visited 1 branch of the dungeon, and saw 3 of its levels.

You collected 159 gold pieces.

Inventory:

Hand Weapons
 a - a +1 falchion (weapon)
Missiles
 h - 8 poisoned needles
 k - 5 tomahawks of dispersal (quivered)
Armour
 b - a +0 leather armour (worn)
Jewellery
 g - a +3 ring of dexterity (left hand)
 i - an amulet of faith (around neck)
Scrolls
 c - 2 scrolls of identify
 l - a scroll of magic mapping
Potions
 d - 6 potions of blood
Comestibles
 f - 4 rations


   Skills:
 + Level 1.9 Fighting
 + Level 2.8 Long Blades
 + Level 1.5 Armour
 + Level 2.7 Dodging
 + Level 2.2 Spellcasting
 + Level 3.9 Charms


You had 6 spell levels left.
You knew the following spells:

 Your Spells              Type           Power        Failure   Level  Hunger
a - Infusion              Chrm           ####         1%          1    #......

Your spell library contained the following spells:

 Spells                   Type           Power        Failure   Level  Hunger
 Regeneration             Chrm/Necr      ###.......   4%          3    ###....
 Shroud of Golubria       Chrm/Tloc      ###.......   2%          2    ###....
 Song of Slaying          Chrm           ####....     1%          2    ###....
 Spectral Weapon          Hex/Chrm       ###.....     4%          3    ###....


Dungeon Overview and Level Annotations

Branches:
Dungeon (3/15)

Altars:


Innate Abilities, Weirdness & Mutations

You have razor-sharp teeth.
You have supernaturally acute eyesight. (SInv)
You can survive without breathing.
You are partially covered in icy blue scales. (AC +2)
You are frail. (-10% HP)
Your magical capacity is low. (-10% MP)


Message History

As you read the scroll of teleportation, it crumbles to dust.
You feel strangely unstable.
* * * LOW HITPOINT WARNING * * *
You feel sick.
Your surroundings suddenly seem different.
* * * LOW HITPOINT WARNING * * *
You feel sick.
Casting: Infusion (safe; 1% risk of failure)
Confirm with . or Enter, or press ? or * to list all spells.
You begin infusing your attacks with magical energy.
* * * LOW HITPOINT WARNING * * *
You feel sick.
* * * LOW HITPOINT WARNING * * *
You feel sick.
* * * LOW HITPOINT WARNING * * *
You feel sick.
Unknown command.
* * * LOW HITPOINT WARNING * * *
You feel sick.
You die...

###.##### #.# #.# # ........#
#####.##### #.# # .##.###.#
#.........# ##'## # .##.# #.#
#.........# ##...## # .##.###.#
#<........# ##.....### .##...#.#
#.........# ##.......##
.#....#.###.........###........(#
......................'.....(.(((
##....#####.....@...###...[.....#
##.#.# #.........# ##.......##
###.# #.......<.# ##.....## #.#
##.##.#.### ##...## ###.#
#.##.#.# ##'## #...# #.##.#.# #.#
#.### #.##.#.# #.# #.# #......#
##.## #.# ####.### ##...##


There were no monsters in sight!

Vanquished Creatures
  2 adders (D:2)
  A dart slug (D:2)
  2 leopard geckos
  A ball python (D:1)
  3 bats
  15 giant cockroaches
  5 goblins
  3 hobgoblins
  8 kobolds
  5 frilled lizards
  2 rats
47 creatures vanquished.

Notes
Turn   | Place    | Note
-------+----------+-------------------------------------------
     0 | D:1      | kidddragon99 the Vampire Skald began the quest for the Orb.
     0 | D:1      | Reached XP level 1. HP: 16/16 MP: 3/3
   143 | D:1      | Reached XP level 2. HP: 5/22 MP: 0/5
   813 | D:1      | Gained mutation: Your magical capacity is low. (-10% MP) [potion of mutation]
   813 | D:1      | Gained mutation: You are frail. (-10% HP) [potion of mutation]
   813 | D:1      | Gained mutation: You are partially covered in icy blue scales. (AC +2) [potion of mutation]
   902 | D:2      | Reached skill level 1 in Armour
   946 | D:2      | Reached XP level 3. HP: 24/24 MP: 5/5
  1964 | D:2      | Reached XP level 4. HP: 29/29 MP: 6/6
  2065 | D:2      | HP: 1/29 [poisoned by a kobold]
  2069 | D:2      | Succumbed to a kobold's poison

Vault maps used:
D:1:      dpeg_arrival_rooms_a
D:2:      minmay_roachtagon
D:3:      nicolae_qazlal_style_of_elements, first_ration,
          kennysheep_another_room, st_stairs_5

Skill      XL: |  1  2 |
---------------+-------+-----
Armour         | 1 |  1.5
Fighting       | |  1.9
Long Blades    | |  2.8
Dodging        | |  2.7
Spellcasting   | |  2.2
Charms         | |  3.9

Action                   |  1- 3 |  4- 6 || total
-------------------------+-------+-------++-------
Melee: Falchion          |   124 |     7 ||   131
       Bite              |     7 |     3 ||    10
Throw: Tomahawk          |       |     2 ||     2
 Cast: Infusion          |     2 |     1 ||     3
  Use: Potion            |     9 |     2 ||    11
       Scroll            |     5 |     1 ||     6
 Stab: Invisible         |     1 |       ||     1
       Sleeping          |     1 |       ||     1
  Eat: Corpse            |     1 |       ||     1
Armor: Leather armour    |    69 |     1 ||    70
Dodge: Dodged            |   124 |     9 ||   133
       Rpst.: Falchion   |    43 |     4 ||    47

Table legend:
 A = Spawn XP
 B = Non-spawn XP
 C = Spawn XP percentage of total XP
 D = Spawn monster count
 E = Non-spawn monster count
 F = Spawn count percentage of total count
 G = Total turns spent on level
                    A         B        C        D         E        F      G
               +---------+---------+-------+---------+---------+-------+---------
         Total |       0 |     105 |   0.0 |       0 |      47 |   0.0 |  2069
               +---------+---------+-------+---------+---------+-------+---------
           D:1 |       0 |      27 |   0.0 |       0 |      17 |   0.0 |   895
           D:2 |       0 |      74 |   0.0 |       0 |      28 |   0.0 |  1161
           D:3 |       0 |       4 |   0.0 |       0 |       2 |   0.0 |    13
               +---------+---------+-------+---------+---------+-------+---------
